 Dungeon Crawl Stone Soup version 0.30-a0-916-g9813417 (webtiles) character file.

Game seed: 15780103845453868593

39 PurpleRed the Trooper (level 3, -18/44 HPs)
             Began as an Ogre Wanderer on Apr 22, 2023.
             Killed from afar by Jessica (22 damage)
             ... with a bolt of light
             ... on level 3 of the Dungeon.
             The game lasted 00:03:32 (770 turns).

PurpleRed the Trooper (Ogre Wanderer)                Turns: 770, Time: 00:03:33

Health: -18/44     AC:  3    Str: 13    XL:     3   Next: 47%
Magic:  3/3        EV:  8    Int: 12    God:
Gold:   105        SH:  0    Dex: 14    Spells: 2/2 levels left

rFire   . . .      SeeInvis .    a - +1 falchion
rCold   . . .      Faith    .    b - +2 kite shield
rNeg    . . .      Spirit   .    d - +0 robe
rPois   .          Reflect  .    (helmet restricted)
rElec   .          Rampage  .    (no cloak)
rCorr   .                        (gloves unavailable)
Will    .....                    (boots unavailable)
Stlth   +                        (no amulet)
HPRegen 0.27/turn                (no ring)
MPRegen 0.08/turn                (no ring)

@: confused, brilliant
A: large, unfitting armour, tough skin 1
a: no special abilities


You were on level 3 of the Dungeon.
You visited 1 branch of the dungeon, and saw 3 of its levels.

You collected 105 gold pieces.

Inventory:

Hand Weapons
 a - a +1 falchion (weapon)
 e - a +0 hand axe
Missiles
 i - 6 poisoned darts (quivered)
Armour
 b - a +2 kite shield (worn)
 d - a +0 robe (worn)
Scrolls
 c - a scroll of teleportation
Potions
 f - a potion of curing {unknown}
 h - a potion of ambrosia


   Skills:
 + Level 6.2 Fighting
 + Level 2.0 Long Blades
 - Level 1.0 Throwing
 - Level 1.0 Dodging
 - Level 1.0 Stealth
 - Level 2.0 Shields


You had 2 spell levels left.
You didn't know any spells.
Your spell library was empty.

Dungeon Overview and Level Annotations

Branches:
Dungeon (3/15)

Altars:

Annotations:
D:2 Natasha
D:3 Jessica


Innate Abilities, Weirdness & Mutations

You are too large for most types of armour.
You have tough skin. (AC +1)


Message History

The giant cockroach bites you but does no damage.
It was a potion of ambrosia.
You are confused.
You feel invigorated. The giant cockroach closely misses you.
You hit the giant cockroach.
You kill the giant cockroach!
Jessica mumbles some strange words.
Jessica blinks!
You start resting.
You feel less invigorated.
You feel less confused.
Okay, then.
Okay, then.
You block Jessica's attack.
You hit Jessica.
Jessica is severely wounded.
Jessica hits you with a +2 vampiric dagger!
Jessica draws strength from your wounds!
You block Jessica's attack.
You closely miss Jessica.
Jessica is heavily wounded.
Jessica zaps a wand.
The bolt of light hits you!
Jessica hits you with a +2 vampiric dagger.
* * * LOW HITPOINT WARNING * * *
Jessica draws strength from your wounds!
You hit Jessica.
Jessica is moderately wounded.
You block Jessica's attack. x2
You completely miss Jessica.
Jessica is moderately wounded.
Jessica hits you with a +2 vampiric dagger!
* * * LOW HITPOINT WARNING * * *
You block Jessica's attack.
It was a potion of brilliance.
You feel clever all of a sudden.
Jessica shouts, "You're disturbing me!
I'll have to kill you!"
Jessica zaps a wand.
The bolt of light hits you!!
You are confused.
Ouch! That really hurt!
You die...

#.#.<.#.#
##..###†.# #...#
#......# # #.#.#
#..###.# #.
#.##...#.# . #.#
#.# #.# .# ..##
#.##.## .# .#
.....
#....##.##.#
...@.#
##@......... .
....###.@..###.#.
....#..#.##.##
#.....†....#
........###.....
.#......# #.####
#.####.# #>. #
#.# ## #.>


You could see Jessica (fast).

Vanquished Creatures
  An adder (D:3)
  2 dart slugs (D:1)
  2 endoplasms (D:1)
  2 giant cockroaches
  A hobgoblin (D:1)
  A kobold (D:1)
  3 quokkas (D:1)
  4 ball pythons
  3 bats
  A frilled lizard (D:1)
  3 goblins (D:1)
  2 rats (D:1)
25 creatures vanquished.

Notes
Turn   | Place    | Note
-------+----------+-------------------------------------------
     0 | D:1      | PurpleRed the Ogre Wanderer began the quest for the Orb.
     0 | D:1      | PurpleRed set off with the following items: a +1 falchion,
                  | a +2 kite shield, a scroll of teleportation, a +0 robe.
     0 | D:1      | Reached XP level 1. HP: 27/27 MP: 1/1
   113 | D:1      | Reached XP level 2. HP: 36/36 MP: 2/2
   319 | D:1      | Reached skill level 6 in Fighting
   394 | D:1      | Reached XP level 3. HP: 44/44 MP: 3/3
   686 | D:2      | Noticed Natasha
   747 | D:3      | Noticed Jessica
   770 | D:3      | Killed from afar by Jessica

Illustrated notes

Levels and vault maps discovered:
D:1:      heliophobic_arrival_ceremonial_halls, layout_rooms, serial_glass,
          glass_columns_c, glass_columns_c, glass_columns_a, glass_columns_a,
          glass_columns_a, glass_columns_a
D:2:      layout_basic, kennysheep_flooded_box, minmay_tetromino_t4,
          uniq_natasha, uniq_robin
D:3:      layout_loops_ring, uniq_grinder, uniq_crazy_yiuf_cottage,
          uniq_jessica, uniq_terence

Skill      XL: |  1  2  3 |
---------------+----------+-----
Fighting       | 6 |  6.2
Long Blades    | 2 |  2.0
Throwing       | |  1.0
Dodging        | |  1.0
Stealth        | |  1.0
Shields        | |  2.0

Action                     || total
---------------------------++-------
  Melee: Falchion          ||    80
    Use: Potion            ||     2
   Stab: Sleeping          ||     1
 Armour: Robe              ||    21
  Dodge: Dodged            ||    27
  Block: Kite shield       ||    41

Table legend: (Time is in decaauts)
 A = Elapsed time spent in this place.
 B = Non-inter-level travel time spent in this place.
 C = Inter-level travel time spent in this place.
 D = Time resting spent in this place.
 E = Time spent auto-exploring this place.
 F = Levels seen in this place.
 G = Mean time per level.
                   A        B        C        D        E       F      G
               +--------+--------+--------+--------+--------+-----+--------+
         Total |    799 |    767 |     32 |      2 |    478 |   3 |  266.3 |
       Dungeon |    799 |    767 |     32 |      2 |    478 |   3 |  266.3 |
               +--------+--------+--------+--------+--------+-----+--------+

Top non-repeatable levels by time:
     D:1: 604 daAuts
     D:2: 108 daAuts
     D:3: 85 daAuts
